 Dungeon Crawl Stone Soup version 0.23.0-3-gf3c87f2 (webtiles) character file.

Game seed: 4596168765011238460

7125 Gadfly the Basher (level 11, -3/64 HPs)
             Began as a Gargoyle Fighter on Feb 21, 2019.
             Was an Initiate of the Shining One.
             Slain by a sixfirhy (4 damage)
             ... summoned by an orc sorcerer
             ... on level 9 of the Dungeon.
             The game lasted 00:17:15 (8910 turns).

Gadfly the Basher (Gargoyle Fighter)                Turns: 8910, Time: 00:17:17

Health: -3/64      AC: 25    Str: 25    XL:     11   Next: 10%
Magic:  15/15      EV: 20    Int:  9    God:    the Shining One [......]
Gold:   272        SH:  0    Dex: 14    Spells: 7/10 levels left

rFire    + . .     SeeInvis .   r - +2 whip (elec)
rCold    + . .     Gourm    .   c - +0 shield
rNeg     + . .     Faith    .   B - +1 plate armour {MR+}
rPois    ∞         Spirit   .   (no helmet)
rElec    +         Reflect  .   (no cloak)
rCorr    .         Harm     .   F - +1 pair of gloves
MR       +....     Rnd*Tele +   l - +0 pair of boots
Stlth    ..........             v - amulet of the acrobat
HPRegen  0.20/turn              J - +3 ring of strength
MPRegen  0.14/turn              q - +4 ring of dexterity

@: confused, acrobat, glowing
A: cold resistance 1, fire resistance 1, negative energy resistance 1,
electricity resistance, teleportitis 1, unbreathing, petrification resistance,
rot immunity, AC +8
a: Renounce Religion


You were on level 9 of the Dungeon.
You worshipped the Shining One.
The Shining One was noncommittal.
You were not hungry.

You visited 2 branches of the dungeon, and saw 10 of its levels.
You also visited: Sewer.

You collected 321 gold pieces.
You spent 49 gold pieces at shops.

Inventory:

Hand Weapons
 a - a +1 flail
 e - a +2 trident of flaming
 p - a +1 demon whip of draining
 r - a +2 whip of electrocution (weapon)
 H - a +1 trident of holy wrath
Armour
 c - a +0 shield (worn)
 l - a +0 pair of boots (worn)
 B - a +1 plate armour of magic resistance (worn)
 F - a +1 pair of gloves (worn)
Jewellery
 i - an uncursed ring of protection from cold
 n - an uncursed ring of see invisible
 o - an uncursed ring of positive energy
 q - a +4 ring of dexterity (right hand)
 v - an amulet of the acrobat (around neck)
 J - a +3 ring of strength (left hand)
Wands
 t - a wand of iceblast (13)
 y - a wand of digging (4)
 K - a wand of flame (15)
Scrolls
 j - 5 scrolls of teleportation
 s - 3 scrolls of enchant weapon
 w - 2 scrolls of fog {unknown}
 x - 6 scrolls of remove curse
 D - a scroll of magic mapping {unknown}
 I - a scroll of blinking {unknown}
 M - a scroll of enchant armour {unknown}
 N - a scroll of torment {unknown}
Potions
 b - 2 potions of flight
 d - 2 potions of might
 h - a potion of ambrosia
 m - 4 potions of magic
 u - 2 potions of berserk rage
 A - 3 potions of curing
 C - 3 potions of lignification
 E - a potion of invisibility {unknown}
 G - a potion of haste {unknown}
Comestibles
 f - 23 rations
 L - 4 chunks of flesh


   Skills:
 + Level 5.8 Fighting
 * Level 12.7 Maces & Flails
 + Level 5.9 Armour
 + Level 5.8 Shields
 * Level 4.2 Invocations
 * Level 5.5 Evocations


You had 7 spell levels left.
You knew the following spells:

 Your Spells              Type           Power        Failure   Level  Hunger
a - Apportation           Tloc           #.....       100%        1    ##.....
b - Summon Small Mammal   Summ           #...         100%        1    ##.....
c - Confusing Touch       Hex            #.....       100%        1    ##.....

Your spell library contained the following spells:

 Spells                   Type           Power        Failure   Level  Hunger
 Animate Skeleton         Necr           N/A          100%        1    ##.....


Dungeon Overview and Level Annotations

Branches:
Dungeon (9/15)             Temple (1/1) D:7
   Lair: D:8-11         Orc: D:9-12

Altars:
Ashenzari
Dithmenos
Elyvilon
Fedhas
Gozag
Hepliaklqana
Kikubaaqudgha
Makhleb
Nemelex Xobeh
Ru
Sif Muna
Trog
Uskayaw
Vehumet
Wu Jian
Yredelemnul
Zin
The Shining One

Shops:
D:4 *


Innate Abilities, Weirdness & Mutations

You are resistant to torment.
Your stone body is resilient. (AC +8)
You are immune to poison.
You resist negative energy. (rN+)
You are resistant to electric shocks. (rElec)
You can survive without breathing.
You are immune to petrification.
You are immune to rotting.
Your flesh is cold resistant. (rC+)
Your flesh is heat resistant. (rF+)
You are occasionally teleported next to monsters.


Message History

* * * LOW HITPOINT WARNING * * *
The sixfirhy hits you but does no damage.
You are confused.
You feel invigorated.
The sixfirhy hits you but does no damage.
The sixfirhy hits you.
* * * LOW HITPOINT WARNING * * *
The sixfirhy shocks you. You resist.
* * * LOW HITPOINT WARNING * * *
The sixfirhy hits you but does no damage.
The orc sorcerer hits you but does no damage.
The sixfirhy hits you but does no damage.
The sixfirhy hits you!
* * * LOW HITPOINT WARNING * * *
The sixfirhy shocks you. You resist. The Shining One protects you from harm!
The sixfirhy hits you.
* * * LOW HITPOINT WARNING * * *
The sixfirhy shocks you. You resist.
You die...

.....♣≈≈.≈≈P♣..........#
......♣P.PP♣...........#
.......♣.≈≈............#
......................#
................#
................#
≈≈≈≈≈≈..........#
##.##≈≈.........#
##≈o.@.†....#
#≈)3!......#
).............#
..h.#≈........(#
#...##≈.....≈P≈.# ##.#
≈≈.....≈≈♣.# ≈≈≈
≈≈.....♣♣≈♣.# ..
......$.. ≈P


You could see a sixfirhy, an orc sorcerer and a black bear.

Vanquished Creatures
  A two-headed ogre (D:8)
  2 orc sorcerers (D:9)
  A hornet (D:7)
  Grinder (D:4)
  2 hippogriffs
  Sigmund (D:4)
  A hungry ghost (D:7)
  4 ice beasts
  5 orc warriors
  4 sky beasts
  2 phantoms
  4 ogres
  3 centaurs
  3 big kobolds
  2 gnoll sergeants
  A bullfrog (D:6)
  6 scorpions
  6 killer bees (D:7)
  3 wights (D:7)
  A howler monkey (D:4)
  An electric eel (D:9)
  2 crimson imps (D:8)
  A bullfrog zombie (D:6)
  3 jellies
  6 orc priests
  5 hounds
  8 orc wizards
  A bullfrog skeleton (D:7)
  Natasha (D:4)
  8 worker ants
  A howler monkey zombie (D:6)
  A howler monkey skeleton (D:7)
  2 worker ant zombies (D:6)
  18 adders
  15 gnolls
  A shadow imp (D:5)
  5 oozes
  2 adder skeletons
  5 worms
  4 dart slugs
  4 leopard geckos
  29 orcs
  4 giant cockroaches
  7 goblins
  3 hobgoblins (D:3)
  15 jackals
  22 kobolds
  3 quokkas
  4 ball pythons
  7 bats
  7 frilled lizards
  A jackal skeleton (D:4)
  9 rats
258 creatures vanquished.

Vanquished Creatures (others)
  2 plants
2 creatures vanquished.

Grand Total: 260 creatures vanquished

Notes
Turn   | Place    | Note
-------+----------+-------------------------------------------
     0 | D:1      | Gadfly the Gargoyle Fighter began the quest for the Orb.
     0 | D:1      | Reached XP level 1. HP: 14/14 MP: 1/1
   200 | D:1      | Reached XP level 2. HP: 19/19 MP: 2/2
   281 | D:1      | Reached skill level 3 in Maces & Flails
   728 | D:2      | Reached XP level 3. HP: 23/23 MP: 3/3
  1521 | D:3      | Reached skill level 4 in Maces & Flails
  1549 | D:3      | Reached XP level 4. HP: 15/28 MP: 4/4
  2291 | D:3      | Reached skill level 5 in Maces & Flails
  2293 | D:3      | Reached XP level 5. HP: 31/32 MP: 5/5
  3119 | D:4      | Noticed Natasha
  3127 | D:4      | Killed Natasha
  3127 | D:4      | Reached skill level 6 in Maces & Flails
  3127 | D:4      | Reached XP level 6. HP: 36/37 MP: 6/6
  3227 | D:4      | Noticed Grinder
  3240 | D:4      | Paralysed by Grinder for 4 turns
  3248 | D:4      | Reached skill level 7 in Maces & Flails
  3252 | D:4      | Killed Grinder
  3252 | D:4      | Reached skill level 8 in Maces & Flails
  3252 | D:4      | Reached XP level 7. HP: 35/41 MP: 7/7
  3339 | D:4      | Found Ytiom's General Store.
  3447 | D:4      | Found a glowing drain.
  3458 | Sewer    | Entered a sewer
  3846 | D:4      | Bought a cursed ring of teleportation for 49 gold pieces
  3997 | D:4      | Noticed Sigmund
  4004 | D:4      | Killed Sigmund
  4004 | D:4      | Reached skill level 9 in Maces & Flails
  4004 | D:4      | Reached XP level 8. HP: 46/46 MP: 8/8
  4391 | D:5      | Entered Level 5 of the Dungeon
  4412 | D:5      | Reached skill level 10 in Maces & Flails
  4576 | D:5      | Learned a level 1 spell: Apportation
  4578 | D:5      | Learned a level 1 spell: Summon Small Mammal
  4580 | D:5      | Learned a level 1 spell: Confusing Touch
  5014 | D:6      | Noticed a hippogriff
  5025 | D:6      | Killed a hippogriff
  5025 | D:6      | Reached skill level 11 in Maces & Flails
  5025 | D:6      | Reached XP level 9. HP: 45/51 MP: 9/9
  5153 | D:6      | Reached skill level 1 in Evocations
  6404 | D:6      | Identified a scroll of acquirement
  6617 | D:7      | Noticed a hornet
  6645 | D:7      | Killed a hornet
  6918 | D:7      | Reached XP level 10. HP: 53/58 MP: 12/12
  6931 | D:7      | Reached skill level 12 in Maces & Flails
  7257 | D:7      | Found a deep blue altar of Sif Muna.
  7345 | D:7      | Reached skill level 5 in Armour
  7366 | D:7      | Reached skill level 5 in Shields
  7379 | D:7      | Found a faded altar of an unknown god.
  7381 | D:7      | Found a staircase to the Ecumenical Temple.
  7393 | Temple   | Entered the Ecumenical Temple
  7443 | Temple   | Became a worshipper of the Shining One
  7504 | D:7      | Reached skill level 5 in Fighting
  7658 | D:8      | Reached skill level 1 in Invocations
  7828 | D:8      | Noticed a two-headed ogre
  7837 | D:8      | Killed a two-headed ogre
  8111 | D:8      | Reached skill level 5 in Evocations
  8742 | D:9      | Gained mutation: You expend magic power (3 MP) to
                  | strengthen your wands. [potion of mutation]
  8742 | D:9      | Gained mutation: Your flesh is heat resistant. (rF+)
                  | [potion of mutation]
  8743 | D:9      | Lost mutation: You expend magic power (3 MP) to strengthen
                  | your wands. [potion of mutation]
  8743 | D:9      | Gained mutation: You are occasionally teleported next to
                  | monsters. [potion of mutation]
  8743 | D:9      | Gained mutation: Your flesh is cold resistant. (rC+)
                  | [potion of mutation]
  8880 | D:9      | Noticed an orc sorcerer
  8883 | D:9      | Noticed an orc sorcerer
  8886 | D:9      | Noticed an orc sorcerer
  8887 | D:9      | Noticed a sixfirhy
  8893 | D:9      | Killed an orc sorcerer
  8893 | D:9      | Reached XP level 11. HP: 48/64 MP: 13/15
  8906 | D:9      | Killed an orc sorcerer
  8910 | D:9      | HP: 2/64 [sixfirhy[an orc sorcerer] (8)]
  8910 | D:9      | The Shining One protects you from harm!
  8910 | D:9      | Slain by a sixfirhy

Skill      XL: |  1  2  3  4  5  6  7  8  9 10 11 |
---------------+----------------------------------+-----
Maces & Flails | 3 4 5 6 8 9 11 12 | 12.7
Evocations     | 3 5 |  5.5
Armour         | 4 5 |  5.9
Fighting       | 4 5 |  5.8
Shields        | 4 5 |  5.8
Invocations    | 3 4 |  4.2

Action                   |  1- 3 |  4- 6 |  7- 9 | 10-12 || total
-------------------------+-------+-------+-------+-------++-------
Melee: Flail             |   231 |   146 |       |       ||   377
       Whip              |       |   102 |   364 |   277 ||   743
       Demon whip        |       |       |    70 |    97 ||   167
  Use: Scroll            |     3 |     1 |     2 |     4 ||    10
       Potion            |       |     3 |     3 |     3 ||     9
  Eat: Chunk             |     2 |     6 |    14 |     7 ||    29
Armor: Scale mail        |    76 |       |       |       ||    76
       Chain mail        |   110 |   177 |    52 |       ||   339
       Skin              |       |    14 |    13 |       ||    27
       Plate armour      |       |       |    93 |   169 ||   262
Dodge: Dodged            |    62 |    63 |    64 |    53 ||   242
Block: Shield            |   124 |   140 |   134 |   141 ||   539
